Map: Frozen Temple

Players

Phi

  • Race: Protoss Protoss

A.I. 1 (Very Easy) - Winner!

  • Race: Zerg Zerg

VOD

Have the link to the VOD?

Description

Time

  • Played on: Sept. 24, 2016, 11:04 p.m.
  • Length: 4:35
Show
View Real Time Build Order
Export as new Build Order

Phi Protoss 

Build Orders: 1 Gate Expand 

Get SALT Encoding   

  12  0:01  Probe (Chrono Boost)  
  13  0:11  Probe (Chrono Boost)  
  14  0:19  Pylon  
  14  0:22  Probe (Chrono Boost)  
  15  0:37  Probe (Chrono Boost)  
  15  0:38  Gateway  
  16  0:48  Probe (Chrono Boost)  
  17  1:10  Nexus  
  17  1:15  Assimilator  
  17  1:25  Cybernetics Core  
  17  1:31  Assimilator  
  17  1:33  Probe (Chrono Boost)  
  18  1:41  Zealot  
  18  1:45  Probe (Chrono Boost)  
  21  1:51  Pylon  
  21  1:57  Probe (Chrono Boost)  
  22  2:03  Warp Gate  
  22  2:08  Adept  
  23  2:09  Probe (Chrono Boost)  
  25  2:21  Probe (Chrono Boost)  
  26  2:24  Probe (Chrono Boost)  
  27  2:35  Mothership Core (Chrono Boost), Pylon  
  29  2:37  Probe (Chrono Boost)  
  29  2:40  Adept  
  32  2:49  Probe (Chrono Boost)  
  33  3:05  Gateway  
  33  3:07  Gateway  
  33  3:15  Gateway  
  33  3:18  Probe (Chrono Boost)  
  33  3:19  Probe (Chrono Boost)  
  35  3:21  Adept  
  37  3:29  Probe (Chrono Boost)  
  39  3:34  Probe (Chrono Boost)  
  39  3:44  Adept  
  41  3:50  Robotics Facility  
  41  3:58  Probe (Chrono Boost)  
  41  3:59  Probe (Chrono Boost)  
  43  4:14  Probe (Chrono Boost)  
  43  4:15  Probe (Chrono Boost)  
  45  4:20  Adept x3  
  45  4:21  Adept  
  53  4:24  Probe (Chrono Boost)  
  53  4:27  Pylon  
Show
View Real Time Build Order
Export as new Build Order

A.I. 1 (Very Easy) Zerg - Winner!

Build Orders: Pool Only 

Get SALT Encoding   

  12  0:01  Drone  
  13  0:12  Overlord  
  13  0:17  Drone  
  14  0:36  Spawning Pool  
  14  0:37  Extractor  
  14  0:40  Drone  
  13  0:47  Drone  
  14  0:53  Overlord  
  14  1:24  Zergling x2, Queen  
  17  1:32  Roach Warren  
  17  1:36  Drone  
  17  1:41  Extractor  
  17  1:42  Zergling x2  
  17  1:44  Drone  
  18  1:57  Drone  
  18  1:59  Zergling x2  
  20  2:08  Drone  
  21  2:18  Drone  
  22  2:29  Drone  
  23  2:31  Overlord  
  23  2:36  Drone  
  24  2:43  Drone  
  25  4:08  Zergling x2  
Tags
 
Add a new tag
Caveats
  • Supply blocks, unpowered buildings, or Contaminate may cause inaccurate times.
  • Supply counts are checked every 10 seconds.